 Dungeon Crawl Stone Soup version 0.18.1-48-g4cf74bf (webtiles) character file.

149 Mesmaeker13 the Magician (level 5, -11/45 HPs)
             Began as a Draconian Wizard on Sept 2, 2016.
             Killed by divine providence
             ... invoked by an orc priest
              (13 damage)
             ... on level 2 of the Dungeon on Sept 7, 2016.
             The game lasted 00:10:28 (2926 turns).

Mesmaeker13 the Magician (Draconian Wizard)         Turns: 2926, Time: 00:10:30

Health: -11/45     AC:  5    Str: 10    XL:     5   Next: 9%
Magic:  10/10      EV: 12    Int: 19    God:
Gold:   58         SH:  0    Dex:  9    Spells: 2 memorised, 8 levels left

rFire  . . .     SeeInvis .     e - +0 dagger (drain)
rCold  . . .     Gourm    .     (armour unavailable)
rNeg   . . .     Faith    +     (no shield)
rPois  .         Spirit   .     a - +0 hat
rElec  .         Dismiss  .     (no cloak)
rCorr  .         Reflect  .     (no gloves)
SustAt .         Harm     .     (no boots)
MR     .....                    l - amulet of faith
Stlth  +.........               (no ring)
                                (no ring)

@: not resistant to hostile enchantments, very unstealthy
A: unfitting armour, cold-blooded, AC +5
a: no special abilities


You were on level 2 of the Dungeon.
You were hungry.

You visited 1 branch of the dungeon, and saw 3 of its levels.

You collected 58 gold pieces.

Inventory:

Hand Weapons
 e - a +0 dagger of draining (weapon)
Missiles
 m - 14 poisoned needles
Armour
 a - a +0 hat (worn)
Jewellery
 l - an amulet of faith (around neck)
Potions
 h - a potion of brilliance
Books
 b - a book of Minor Magic

   Spells                             Type                      Level
   a - Magic Dart                     Conjuration                  1
   b - Blink                          Translocation                2
   c - Call Imp                       Summoning                    2
   d - Repel Missiles                 Charms/Air                   2
   e - Slow                           Hexes                        2
   f - Conjure Flame                  Conjuration/Fire             3
   g - Mephitic Cloud                 Conjuration/Poison/Air       3
Comestibles
 c - a bread ration


   Skills:
 + Level 3.0 Fighting
 - Level 1.7 Dodging
 - Level 1.7 Stealth
 - Level 3.7 Spellcasting
 + Level 2.9 Conjurations
 + Level 1.3 Summonings
   Level 1.0 Translocations


You had 8 spell levels left.
You knew the following spells:

 Your Spells              Type           Power        Failure   Level  Hunger
a - Magic Dart            Conj           ##..         6%          1    None
b - Call Imp              Summ           #.......     14%         2    ##.....


Dungeon Overview and Level Annotations

Branches:
Dungeon (3/15)

Altars:


Innate Abilities, Weirdness & Mutations

Your plain brown scales are hard (AC +5).
Your body does not fit into most forms of armour.
You are cold-blooded and may be slowed by cold attacks.


Message History

* * * LOW HITPOINT WARNING * * *
Drink which item? (? for menu, Esc to quit)
It was a potion of magic.
Magic courses through your body. The orc priest hits you with a mace.
* * * LOW HITPOINT WARNING * * *
The orc hits you.
* * * LOW HITPOINT WARNING * * *
You hit the orc but do no damage.
The orc is heavily wounded.
The orc hits you.
* * * LOW HITPOINT WARNING * * *
The orc priest misses you.
You hit the orc. You drain the orc!
You kill the orc!
Drink which item? (? for menu, Esc to quit)
It was a potion of cure mutation.
It has a very clean taste.
The orc priest casts a cantrip, but nothing happens.
The orc priest calls down the wrath of Beogh upon you.
Beogh smites you!
You die...

..# #.....#.#...##.#.#.........
..# #.....#........#.#########.
..# #.....##...###.#.# #. ..#
#.....##...# #.#.########## ..#
#.....##†..# #............. ..#
#.....##...###.#.##########
..#####.....'.)>)....#...........
.....##.....###o#################
.....##.##### #.@..(.............
........# #########.......###
.....#### #..........
######.################..........
###.........)......+..........
####..........#########..........
...'..........# ########<..
..##..........# #...
..##..........# #...


You could see an orc priest.

Vanquished Creatures
  4 adders (D:2)
  4 gnolls (D:2)
  A worm (D:2)
  2 dart slugs
  3 giant geckos
  2 orcs
  2 ball pythons
  4 giant cockroaches
  7 goblins
  4 hobgoblins
  4 jackals (D:2)
  A quokka (D:2)
  5 bats
  5 giant newts
  7 kobolds
  3 rats (D:1)
58 creatures vanquished.

Vanquished Creatures (collateral kills)
  An adder (D:2)
  An orc (D:3)
  A giant cockroach (D:2)
  A giant newt (D:3)
4 creatures vanquished.

Grand Total: 62 creatures vanquished

Notes
Turn   | Place    | Note
--------------------------------------------------------------
     0 | D:1      | Mesmaeker13 the Draconian Wizard began the quest for the Orb.
     0 | D:1      | Reached XP level 1. HP: 14/14 MP: 4/4
   182 | D:1      | Reached skill level 1 in Fighting
   231 | D:1      | Reached XP level 2. HP: 9/23 MP: 4/6
   962 | D:1      | Reached XP level 3. HP: 29/29 MP: 7/7
  1891 | D:2      | Reached XP level 4. HP: 37/37 MP: 2/9
  2186 | D:2      | Learned a level 2 spell: Call Imp
  2648 | D:2      | Reached XP level 5. HP: 37/45 MP: 7/10
  2922 | D:2      | HP: 2/45 [orc (2)]
  2926 | D:2      | Killed from afar by an orc priest

Skill      XL: |  1  2  3  4 |
---------------+-------------+-----
Fighting       | 1 2 3 |  3.0
Conjurations   | 2 |  2.9
Dodging        | |  1.7
Stealth        | |  1.7
Spellcasting   | |  3.7
Summonings     | |  1.3
Translocations | |  1.0

Action                   |  1- 3 |  4- 6 || total
-------------------------+-------+-------++-------
Melee: Club              |     9 |       ||     9
       Tailslap          |    12 |     3 ||    15
       Unarmed           |     2 |       ||     2
       Dagger            |    97 |    59 ||   156
 Cast: Magic Dart        |    46 |    13 ||    59
       Call Imp          |       |     7 ||     7
  Use: Potion            |       |     5 ||     5
       Scroll            |       |     3 ||     3
 Stab: Sleeping          |       |     1 ||     1
  Eat: Chunk             |     3 |     3 ||     6
Armor: Skin              |    37 |    16 ||    53
Dodge: Dodged            |    79 |    31 ||   110
